 Dungeon Crawl Stone Soup version 0.28-a0-895-g6e5f11bd55 (webtiles) character file.

Game seed: 11714071919246477044

9 Sabo the Firebug (level 2, -1/24 HPs)
             Began as an Ogre Fire Elementalist on Nov 23, 2021.
             Slain by a giant cockroach (2 damage)
             ... on level 2 of the Dungeon.
             The game lasted 00:05:51 (869 turns).

Sabo the Firebug (Ogre Fire Elementalist)            Turns: 869, Time: 00:05:51

Health: -1/24      AC:  3    Str: 11    XL:     2   Next: 16%
Magic:  4/5        EV:  9    Int: 16    God:
Gold:   26         SH:  0    Dex:  9    Spells: 4/5 levels left

rFire   . . .      SeeInvis .   j - +0 mace
rCold   . . .      Faith    .   (no shield)
rNeg    . . .      Spirit   .   a - +0 robe
rPois   .          Reflect  .   (helmet restricted)
rElec   .          Harm     .   (no cloak)
rCorr   .          Rampage  .   (gloves unavailable)
Will    .....                   (boots unavailable)
Stlth   +.........              (no amulet)
HPRegen 0.08/turn               (no ring)
MPRegen 0.09/turn               (no ring)

@: lethally poisoned (-1 -> -7)
A: large, unfitting armour, tough skin 1
a: no special abilities


You were on level 2 of the Dungeon.
You visited 1 branch of the dungeon, and saw 2 of its levels.

You collected 26 gold pieces.

Inventory:

Hand Weapons
 j - a +0 mace (weapon)
Missiles
 b - 16 arrows
Armour
 a - a +0 robe (worn)
Scrolls
 e - a scroll of enchant armour {unknown}
 g - a scroll of teleportation {unknown}
 h - a scroll of amnesia {unknown}
Potions
 c - a potion of degeneration {unknown}
 d - a potion of berserk rage {unknown}
 f - a potion of resistance {unknown}
 i - a potion of invisibility {unknown}
 k - a potion of might {unknown}


   Skills:
 + Level 1.7 Dodging
 + Level 1.4 Stealth
 + Level 2.4 Spellcasting
 + Level 0.8 Conjurations
 + Level 3.2 Fire Magic


You had 4 spell levels left.
You knew the following spells:

 Your Spells              Type           Power      Damage    Failure   Level
a - Foxfire               Conj/Fire      32%        2x1d5     9%          1

Your spell library contained the following spells:

 Spells                   Type           Power      Damage    Failure   Level
 Scorch                   Fire           24%        2d6       8%          2
 Conjure Flame            Conj/Fire      8%         6-21      26%         3
 Inner Flame              Hex/Fire       7%         N/A       30%         3
 Flame Wave               Conj/Fire      8%         3d4       65%         4


Dungeon Overview and Level Annotations

Branches:
Dungeon (2/15)

Altars:


Innate Abilities, Weirdness & Mutations

You are too large for most types of armour.
You have tough skin. (AC +1)


Message History

You hit the adder.
The adder is almost dead.
The adder closely misses you. The giant cockroach closely misses you.
The adder completely misses you.
You completely miss the adder.
The adder is almost dead.
The giant cockroach barely misses you. The adder bites you but does no damage.
The giant cockroach bites you.
You closely miss the adder.
The adder is almost dead.
The adder bites you.
The giant cockroach bites you but does no damage.
The adder bites you.
You are poisoned.
The adder poisons you! The ball python bites you.
The giant cockroach closely misses you.
You closely miss the adder.
The adder is almost dead.
You feel very sick. The adder bites you but does no damage.
The ball python bites you but does no damage.
The giant cockroach closely misses you. The adder bites you.
You are lethally poisoned!
The adder poisons you! The ball python barely misses you.
Casting: Foxfire (safe; 9% risk of failure)
Confirm with . or Enter, or press ? or * to list all spells.
You conjure some foxfire!
* * * LOW HITPOINT WARNING * * *
You feel sick. The giant cockroach barely misses you.
The adder completely misses you. The ball python bites you.
* * * LOW HITPOINT WARNING * * *
You barely miss the ball python.
* * * LOW HITPOINT WARNING * * *
You feel very sick.
The foxfire hits the adder.
The adder is almost dead.
The foxfire hits the ball python.
You kill the ball python!
The adder barely misses you. The giant cockroach bites you.
You die...

..............
....#........##
..........[..#
##.#...............#
....... #..........#######
....>.###................#
.......##........B.....$.#
........##.....!@S.......#
.........##..............#
.........................#
......>........#.........#
.........#######.........#
............# #.........#
...<....##### ###########
.........# ...<.....#


You could see an adder and a giant cockroach.

Vanquished Creatures
  An endoplasm (D:2)
  A goblin (D:1)
  A hobgoblin (D:1)
  2 ball pythons
  A bat (D:2)
  2 frilled lizards (D:1)
  2 kobolds
  2 rats (D:1)
12 creatures vanquished.

Vanquished Creatures (others)
  15 foxfires
15 creatures vanquished.

Grand Total: 27 creatures vanquished

Notes
Turn   | Place    | Note
-------+----------+-------------------------------------------
     0 | D:1      | Sabo the Ogre Fire Elementalist began the quest for the
                  | Orb.
     0 | D:1      | Reached XP level 1. HP: 16/16 MP: 3/3
   229 | D:1      | Reached skill level 3 in Fire Magic
   546 | D:1      | Reached XP level 2. HP: 18/24 MP: 5/5
   869 | D:2      | HP: 1/24 [poisoned by an adder]
   869 | D:2      | Slain by a giant cockroach

Illustrated notes

Levels and vault maps discovered:
D:1:      giann_bridges, layout_basic, minmay_distorted
D:2:      layout_rooms, hellmonk_ecumenical_altar_heavens_door

Skill      XL: |  1 |
---------------+----+-----
Fire Magic     | 3 |  3.2
Dodging        | |  1.7
Stealth        | |  1.4
Spellcasting   | |  2.4
Conjurations   | |  0.8

Action                   || total
-------------------------++-------
Melee: Mace              ||    16
       Whip              ||     3
 Cast: Foxfire           ||     9
Armor: Robe              ||    10
Dodge: Dodged            ||    20

Table legend: (Time is in decaauts)
 A = Elapsed time spent in this place.
 B = Non-inter-level travel time spent in this place.
 C = Inter-level travel time spent in this place.
 D = Time resting spent in this place.
 E = Time spent auto-exploring this place.
 F = Levels seen in this place.
 G = Mean time per level.
                   A        B        C        D        E       F      G
               +--------+--------+--------+--------+--------+-----+--------+
         Total |    874 |    874 |      0 |    211 |      0 |   2 |  437.0 |
       Dungeon |    874 |    874 |      0 |    211 |      0 |   2 |  437.0 |
               +--------+--------+--------+--------+--------+-----+--------+

Top non-repeatable levels by time:
     D:1: 805 daAuts
     D:2: 69 daAuts
